 Seeded DCSS version 0.28-a0-1159-g27aa881441 (webtiles) character file.

Game seed: 20211214 (custom seed)

27818 a11behringer the Severer (level 13, -11/116 HPs)
             Began as a Hill Orc Cinder Acolyte on Dec 15, 2021.
             Was a Priest of Makhleb.
             Mangled by an orc warlord (28 damage)
             ... on level 2 of the Orcish Mines.
             The game lasted 00:57:00 (18381 turns).

a11behringer the Severer (Hill Orc Cinder Acolyte) Turns: 18381, Time: 00:57:01

Health: -11/116    AC: 27    Str: 22    XL:     13   Next: 34%
Magic:  17/18      EV:  9    Int: 14    God:    Makhleb [***...]
Gold:   1401       SH:  0    Dex:  6    Spells: 14/14 levels left

rFire   . . .      SeeInvis +   w - +0 war axe (vamp)
rCold   . . .      Faith    .   (no shield)
rNeg    . . .      Spirit   .   c - +2 storm dragon scales
rPois   .          Reflect  .   g - +0 helmet
rElec   +          Harm     .   B - +0 cloak
rCorr   .          Rampage  .   D - +0 pair of gloves
Will    .....                   E - +0 pair of boots
Stlth   ..........              R - amulet of regeneration
HPRegen 1.09/turn               n - ring of see invisible
MPRegen 0.16/turn               b - ring of flight

@: mighty, flying
A: iridescent scales 1
a: Renounce Religion, Convert to Beogh, Minor Destruction, Lesser Servant of
Makhleb


You were on level 2 of the Orcish Mines.
You worshipped Makhleb.
Makhleb was most pleased with you.
You visited 3 branches of the dungeon, and saw 16 of its levels.
You also visited: Sewer and Ossuary.

You collected 1401 gold pieces.

Inventory:

Hand Weapons
 a - a +2 hand axe of flaming
 d - a +1 battleaxe of flaming
 w - a +0 vampiric war axe (weapon)
 L - a +3 spear of venom
 P - a +3 battleaxe
 V - the +7 whip of Subjectivity {vorpal, Contam MP+9 Dex+3}
   (You found it on level 12 of the Dungeon)

   It inflicts extra damage upon your enemies.
   Dex:       It affects your dexterity (+3).
   MP:        It affects your magic capacity (+9).
   Contam:    It causes magical contamination when unequipped.
 Y - a +0 longbow
Missiles
 j - 72 poisoned darts (quivered)
 s - 298 arrows
 x - 8 boomerangs
 A - 4 throwing nets
Armour
 c - +2 storm dragon scales (worn)
 g - a +0 helmet (worn)
 r - the +1 ring mail of Baldness {-Cast Will+++ Str+4}
   (You found it in a sewer)

   Str:       It affects your strength (+4).
   -Cast:     It prevents spellcasting.
   Will:      It greatly increases your willpower.
 y - a +3 chain mail of positive energy
 B - a +0 cloak (worn)
 D - a +0 pair of gloves (worn)
 E - a +0 pair of boots (worn)
 S - the +0 robe of the Evening Star {rPois rN+ Slay+3 Stlth+}
   (You found it on level 13 of the Dungeon)

   Slay:      It affects your accuracy & damage with ranged weapons and melee
   (+3).
   rPois:     It protects you from poison.
   rN:        It protects you from negative energy.
   Stlth:     It makes you more stealthy.
Jewellery
 b - a ring of flight (right hand)
 n - a ring of see invisible (left hand)
 C - an amulet of guardian spirit
 R - an amulet of regeneration (around neck)
Wands
 u - a wand of iceblast (9)
 G - a wand of acid (12)
 W - a wand of mindburst (11)
Scrolls
 m - 6 scrolls of magic mapping
 t - 9 scrolls of teleportation
 H - 6 scrolls of fog
 J - a scroll of identify
Potions
 h - 5 potions of curing
 k - 3 potions of brilliance
 o - a potion of mutation
 K - 3 potions of cancellation
 M - 3 potions of ambrosia
 N - 3 potions of attraction
 X - a potion of lignification


   Skills:
 + Level 11.0 Fighting
 * Level 18.4 Axes
 + Level 14.4 Armour
 + Level 3.4 Dodging
 + Level 1.0 Spellcasting
 - Level 3.3 Fire Magic
 * Level 6.7 Invocations


You had 14 spell levels left.
You didn't know any spells.
Your spell library contained the following spells:

 Spells                   Type           Power      Damage    Failure   Level
 Scorch                   Fire           20%        2d6       43%         2
 Freeze                   Ice            0%         1d3       77%         1
 Shock                    Conj/Air       0%         1d3       77%         1
 Static Discharge         Conj/Air       0%         N/A       88%         2
 Sublimation of Blood     Necr           0%         N/A       88%         2
 Wereblood                Tmut           0%         N/A       88%         2
 Conjure Flame            Conj/Fire      5%         6-21      88%         3
 Ignite Poison            Fire/Tmut/Pois 3%         N/A       94%         3
 Frozen Ramparts          Ice            0%         1d2       98%         3
 Gell's Gravitas          Tloc           0%         N/A       98%         3
 Lesser Beckoning         Tloc           0%         N/A       98%         3
 Teleport Other           Tloc           0%         N/A       98%         3
 Sticky Flame             Conj/Fire      5%         2d3       99%         4
 Dispel Undead            Necr           0%         3d6       100%        4
 Hailstorm                Conj/Ice       0%         3d3       100%        4
 Petrify                  Tmut/Erth      0%         N/A       100%        4
 Metabolic Englaciation   Hex/Ice        0%         N/A       100%        5
 Summon Forest            Summ/Tloc      0%         N/A       100%        5
 Summon Mana Viper        Hex/Summ       0%         N/A       100%        5
 Statue Form              Tmut/Erth      0%         N/A       100%        6
 Summon Cactus Giant      Summ           0%         N/A       100%        6
 Summon Hydra             Summ           0%         N/A       100%        7


Dungeon Overview and Level Annotations

Branches:
Dungeon (13/15)            Temple (1/1) D:5            Lair (0/6) D:10
    Orc (2/2) D:10            Elf (0/3) Orc:2         Sewer (visited)
Ossuary (visited)
 Vaults: D:13-14

Altars:
Ashenzari
Cheibriados
Dithmenos
Elyvilon
Fedhas
Gozag
Hepliaklqana
Kikubaaqudgha
Makhleb
Nemelex Xobeh
Okawaru
Qazlal
Ru
Sif Muna
Trog
Uskayaw
Vehumet
Wu Jian
Xom
Yredelemnul
Zin
The Shining One
Beogh
Lugonu

Shops:
D:3 *   D:7 :   Orc:2 ?

Annotations:
D:13 3 runed translucent doors, Kailexub's ghost, journeyman MiFi


Innate Abilities, Weirdness & Mutations

You are partially covered in iridescent scales. (AC +2)


Message History

You kill the orc warrior!
Makhleb accepts your kill.
The orc warrior hits you but does no damage.
An orc priest comes into view. It is wielding a +0 hand axe.
The orc priest shouts!
You hear a shout! x2
The orc warrior hits you but does no damage.
The orc warlord hits you but does no damage.
An orc comes into view. It is wielding a +0 short sword.
The orc warrior hits you from afar with a +0 halberd!!
An orc comes into view. It is wielding a +0 dagger.
The orc priest casts a cantrip, but nothing happens.
Items here: ( ))) [[ †.
You feel very mighty all of a sudden.
The orc warlord hits you with a +0 battleaxe!!!
* * * LOW HITPOINT WARNING * * *
The orc hits you but does no damage.
The orc warrior hits you from afar with a +0 halberd of freezing.
* * * LOW HITPOINT WARNING * * *
The orc warrior freezes you.
* * * LOW HITPOINT WARNING * * *
The orc warrior hits you but does no damage.
An orc high priest comes into view. It is wielding a +0 war axe.
The orc priest mumbles some strange prayers to Beogh against you.
Beogh smites you!
* * * LOW HITPOINT WARNING * * *
The orc priest threatens, "By the altar or by the axe, you will meet Beogh!"
You hear a shout! x2
The orc priest shouts, "Beogh is our master!
Accept the truth or die!"
You slice the orc warlord!!
You feel better.
The orc warlord is lightly wounded.
You closely miss the orc warrior. You closely miss the orc.
You closely miss the orc warrior.
The orc high priest threatens, "By the altar or by the axe, you will meet Beogh!"
The orc knight roars a battlecry!
The orcs go into a battle-frenzy!
An orc comes into view. It is wielding a +0 short sword.
The orc warrior hits you with a +0 flail.
* * * LOW HITPOINT WARNING * * *
The orc warlord hits you with a +0 battleaxe!!
You die...

....).).#.###.#####
####.....
..................##
##.#....##
...#)..##########..#
#....##.# .....###
##.#####.....#.# ....##
#..##......##.# ....#
####.####....##.## ...##
o###+##8.#..#.#....#....
...#
oo.oooo..'.8...........#
...#
oo8oooo@))....#.#.#.....
...#
oToooooo.'.8.######....#
...## '###o##8)#..##
#..#.. ....# #. ####.##
##..... #...## # #..#
##.#.#.# ###..### ##.##
#......'
####...##########..#
##.#...# .#
###............##
##....# .##
####..........# #.....#


You could see an orc warlord (strong), an orc knight (strong), an orc high
priest (strong), a troll, 6 orc warriors, 3 orc priests, an orc wizard (strong)
and 8 orcs.

Vanquished Creatures
  Harold (D:8)
  3 boulder beetles
  A hydra (D:12)
  3 two-headed ogres (D:13)
  4 centaur warriors (D:13)
  The ghost of jejorda2 the Basher, a novice GnBe of Trog (D:8)
  A tengu warrior (D:13)
  The ghost of Nato the Protected, a novice MiFi of Cheibriados (D:8)
  Pikel (D:8)
  4 ugly things
  A manticore (D:12)
  Maggie (D:10)
  2 gargoyles
  An unseen horror (D:10)
  A kobold demonologist (D:13)
  7 trolls
  Grinder (D:5)
  A hornet (D:11)
  4 slime creatures (D:13)
  4 wraiths
  12 yaks
  A basilisk (D:13)
  10 fire elementals
  A steam dragon (D:8)
  16 vampire mosquitoes
  An acid dragon (D:11)
  2 wargs (Orc:1)
  10 orc warriors
  A sky beast (D:7)
  2 hornet zombies
  5 wolves (D:10)
  5 centaurs
  6 ogres
  A phantom (D:4)
  2 kobold brigands
  Blork the orc (D:6)
  4 bullfrogs
  2 gnoll sergeants
  3 wyvern zombies
  2 scorpions (D:4)
  2 water moccasin zombies
  A wyvern skeleton (D:7)
  A water moccasin skeleton (D:5)
  21 killer bees
  3 wights (D:9)
  2 electric eels (D:10)
  6 bullfrog zombies
  9 centaur zombies
  6 hounds
  7 orc priests
  2 jellies
  A centaur skeleton (D:6)
  2 iguanas
  Crazy Yiuf (D:4)
  10 orc wizards
  Natasha (thrice) (D:3)
  A killer bee zombie (Ossuary)
  17 mummies (Ossuary)
  A howler monkey zombie (Ossuary)
  11 gnolls
  4 adders
  A shadow imp (D:7)
  2 white imps
  2 worms (D:3)
  59 orcs
  8 ball pythons
  3 bats (D:1)
  7 endoplasms
  8 giant cockroaches
  3 goblins
  6 hobgoblins
  2 jackals (D:4)
  6 quokkas
  12 frilled lizards
  21 kobolds
  An orc zombie (D:8)
  A quokka skeleton (D:4)
  12 rats
395 creatures vanquished.

Vanquished Creatures (others)
  48 foxfires
  2 fungi (D:13)
  3 plants
  13 withered plants
66 creatures vanquished.

Grand Total: 461 creatures vanquished

Notes
Turn   | Place    | Note
-------+----------+-------------------------------------------
     0 | D:1      | a11behringer the Hill Orc Cinder Acolyte began the quest
                  | for the Orb.
     0 | D:1      | Reached XP level 1. HP: 19/19 MP: 2/2
   103 | D:1      | Reached XP level 2. HP: 23/27 MP: 3/3
   283 | D:1      | Reached skill level 1 in Armour
   474 | D:1      | Reached XP level 3. HP: 31/33 MP: 4/4
  1002 | D:2      | Reached skill level 5 in Axes
  1003 | D:2      | Reached XP level 4. HP: 41/41 MP: 5/5
  1775 | D:3      | Noticed Natasha
  1780 | D:3      | Killed Natasha
  1794 | D:3      | Reached XP level 5. HP: 47/47 MP: 6/6
  2021 | D:3      | Noticed Natasha
  2084 | D:3      | Found Gozag's Platinum Reserve.
  2085 | D:3      | Found an opulent altar of Gozag.
  2094 | D:3      | Found a white marble altar of Elyvilon.
  2313 | D:3      | Found a glowing golden altar of the Shining One.
  2323 | D:3      | Killed Natasha
  2340 | D:3      | Found a hazy altar of Hepliaklqana.
  2344 | D:3      | Found a shadowy altar of Dithmenos.
  2344 | D:3      | Noticed a shadow
  2367 | D:3      | Noticed Natasha
  2377 | D:3      | Killed Natasha
  2378 | D:3      | Reached skill level 6 in Axes
  2647 | D:4      | Found a blossoming altar of Fedhas.
  2654 | D:4      | Reached XP level 6. HP: 34/53 MP: 7/7
  2989 | D:4      | Found a shimmering altar of Xom.
  3168 | D:4      | Found a runed translucent door.
  3169 | D:4      | Noticed Crazy Yiuf
  3318 | D:4      | Reached skill level 7 in Axes
  3318 | D:4      | Reached XP level 7. HP: 11/60 MP: 8/8
  3861 | D:4      | Killed Crazy Yiuf
  3934 | D:5      | Entered Level 5 of the Dungeon
  3944 | D:5      | Noticed Grinder
  3957 | D:5      | Killed Grinder
  3958 | D:5      | Reached skill level 5 in Fighting
  3958 | D:5      | Reached skill level 8 in Axes
  3958 | D:5      | Reached skill level 5 in Armour
  3987 | D:5      | Reached skill level 1 in Dodging
  4036 | D:5      | Found a glowing drain.
  4040 | Sewer    | Entered a sewer
  4257 | Sewer    | Reached XP level 8. HP: 32/68 MP: 9/9
  4265 | Sewer    | Identified the +1 ring mail of Baldness {-Cast Will+++
                  | Str+4}
  5073 | D:5      | Reached skill level 9 in Axes
  5124 | D:5      | Found a staircase to the Ecumenical Temple.
  5708 | D:6      | Noticed Blork the orc
  5718 | D:6      | Killed Blork the orc
  6143 | D:6      | Reached skill level 10 in Axes
  6715 | D:7      | Reached XP level 9. HP: 52/74 MP: 10/10
  6899 | D:7      | Reached skill level 11 in Axes
  6950 | D:7      | Noticed a cyan ugly thing
  6971 | D:7      | Killed a cyan ugly thing
  7273 | D:7      | Found an ornate altar of the Wu Jian Council.
  7306 | D:7      | Found a hide-covered altar of Uskayaw.
  7586 | D:7      | Reached skill level 12 in Axes
  7810 | D:7      | Found Lefuz's Book Emporium.
  8043 | D:8      | Found a sand-covered staircase.
  8051 | Ossuary  | Entered an ossuary
  8396 | Ossuary  | Reached XP level 10. HP: 58/83 MP: 11/11
  8496 | Ossuary  | Reached skill level 13 in Axes
  9216 | D:8      | Found a glowing silver altar of Zin.
  9292 | D:8      | Reached skill level 10 in Armour
  9316 | D:8      | Noticed Harold
  9364 | D:8      | Killed Harold
  9538 | D:8      | Noticed Pikel
  9550 | D:8      | Killed Pikel
  9551 | D:8      | Reached skill level 14 in Axes
  9621 | D:8      | Found a shimmering blue altar of Sif Muna.
  9649 | D:8      | Got Sif Muna's Volume of Arcane Weapons
  9845 | D:8      | Found a runed translucent gate.
  9845 | D:8      | Found a runed translucent gate.
  9845 | D:8      | Found a runed translucent gate.
  9849 | D:8      | Noticed Nato's ghost (novice MiFi)
  9849 | D:8      | Noticed jejorda2's ghost (novice GnBe)
 10044 | D:8      | Found a radiant altar of Vehumet.
 10045 | D:8      | Found a snail-covered altar of Cheibriados.
 10307 | Temple   | Entered the Ecumenical Temple
 10326 | Temple   | Fell from the grace of Ignis
 10326 | Temple   | Became a worshipper of Makhleb the Destroyer
 11025 | D:9      | Reached XP level 11. HP: 87/92 MP: 10/12
 11290 | D:9      | You are sucked into a shaft and drop 3 floors!
 11314 | D:11     | Reached skill level 15 in Axes
 11646 | D:11     | Paralysed by a hornet for 1 turns
 11652 | D:11     | Paralysed by a hornet for 1 turns
 11802 | D:11     | Reached * piety under Makhleb
 11809 | D:10     | Entered Level 10 of the Dungeon
 11815 | D:10     | Found an iron altar of Okawaru.
 12203 | D:10     | Noticed Maggie
 12235 | D:10     | Killed Maggie
 12917 | D:9      | You are sucked into a shaft and drop 2 floors!
 13168 | D:10     | Was forgiven by Ignis
 13227 | D:10     | HP: 1/94 [troll[Ignis] (10)]
 13272 | D:10     | Reached skill level 16 in Axes
 13272 | D:10     | Found a staircase to the Lair.
 13503 | D:10     | Found a sparkling altar of Nemelex Xobeh.
 13550 | D:10     | Found a broken altar of Ashenzari.
 13609 | D:10     | Found a staircase to the Orcish Mines.
 14230 | D:11     | Reached ** piety under Makhleb
 14375 | D:11     | Noticed a boulder beetle
 14408 | D:11     | Killed a boulder beetle
 14409 | D:11     | Reached XP level 12. HP: 103/103 MP: 13/13
 14848 | D:12     | Reached skill level 1 in Invocations
 15054 | D:12     | Noticed a six-headed hydra
 15067 | D:12     | Killed a one-headed hydra
 15331 | D:12     | Gained mutation: You are partially covered in iridescent
                  | scales. (AC +2) [potion of mutation]
 15331 | D:12     | Gained mutation: You tend to lose your temper in combat.
                  | [potion of mutation]
 15331 | D:12     | Lost mutation: You tend to lose your temper in combat.
                  | [potion of mutation]
 15498 | D:12     | Reached skill level 17 in Axes
 15526 | D:12     | Identified the +7 whip of Subjectivity {vorpal, Contam MP+9
                  | Dex+3}
 15845 | D:13     | Noticed Kailexub's ghost (journeyman MiFi)
 15845 | D:13     | Found a runed translucent gate.
 15845 | D:13     | Found a runed translucent gate.
 15845 | D:13     | Found a runed translucent gate.
 15983 | D:13     | Noticed a centaur warrior
 15996 | D:13     | Killed a centaur warrior
 16024 | D:13     | Noticed a two-headed ogre
 16035 | D:13     | Killed a two-headed ogre
 16035 | D:13     | Reached *** piety under Makhleb
 16040 | D:13     | Noticed a tengu warrior
 16292 | D:13     | Killed a tengu warrior
 16341 | D:13     | Noticed a centaur warrior
 16363 | D:13     | Killed a centaur warrior
 16452 | D:13     | Noticed a centaur warrior
 16463 | D:13     | Killed a centaur warrior
 16464 | D:13     | Reached skill level 10 in Fighting
 16466 | D:13     | Reached skill level 5 in Invocations
 16506 | D:13     | Noticed a centaur warrior
 16526 | D:13     | Killed a centaur warrior
 16562 | D:13     | Noticed a boulder beetle
 16630 | D:13     | Killed a boulder beetle
 16631 | D:13     | Reached skill level 18 in Axes
 16631 | D:13     | Reached XP level 13. HP: 89/113 MP: 15/17
 16636 | D:13     | Identified the +0 robe of the Evening Star {rPois rN+
                  | Slay+3 Stlth+}
 16668 | D:13     | Noticed a vault guard
 16678 | D:13     | Noticed a vault guard
 17291 | D:8      | Killed Nato's ghost
 17293 | D:8      | Killed jejorda2's ghost
 17380 | Orc:1    | Entered Level 1 of the Orcish Mines
 17589 | Orc:2    | Entered Level 2 of the Orcish Mines
 17766 | Orc:2    | Found a staircase to the Elven Halls.
 17949 | Orc:2    | Found a roughly hewn altar of Beogh.
 17979 | Orc:2    | Found a roughly hewn altar of Beogh.
 18035 | Orc:2    | Found a roughly hewn altar of Beogh.
 18202 | Orc:2    | Found a roughly hewn altar of Beogh.
 18203 | Orc:2    | Found Worall's Magic Scroll Shoppe.
 18220 | Orc:2    | HP: 1/116 [orc warrior (8)]
 18368 | Orc:2    | Noticed an orc warlord
 18381 | Orc:2    | Mangled by an orc warlord

Illustrated notes

Levels and vault maps discovered:
D:1:      wander_arrival_estate, layout_loops_ring, serial_forest,
          infiniplex_forest_clump_small, infiniplex_forest_diagonal,
          infiniplex_forest_side_room, infiniplex_forest_lined_2,
          infiniplex_forest_clump_curved, infiniplex_forest_end_3,
          infiniplex_forest_clump_curved, infiniplex_forest_straight_4
D:2:      layout_basic
D:3:      layout_rooms, riverfiend_overflow_shadow_ancestor,
          general_overflow_altar, mainiacjoe_overflow_alcove_2,
          nicolae_gozag_zags_fifth_avenue, uniq_natasha
D:4:      layout_cave_pools, mainiacjoe_overflow_cross_hatched,
          mainiacjoe_overflow_catwalk, grunt_ministairs_4,
          uniq_crazy_yiuf_cottage
D:5:      layout_loops_cross, minmay_temple_entry_drinking_statues,
          gup_sewer_entry_bowl, uniq_grinder
D:6:      layout_loops_cross, serial_bayou_pond_d, minmay_small_thing,
          uniq_blork_the_orc
D:7:      layout_basic, kennysheep_little_box,
          mainiacjoe_overflow_surrounded_room, serial_shops,
          nicolae_shop_window_shopping, nicolae_concentric_dashed_squares_mild
D:8:      layout_gridville, mainiacjoe_overflow_six_doors_small, led_sif_book,
          nicolae_overflow_squiral, gammafunk_ghost_cemetery, enter_ossuary_3,
          columned_hall_lemuel, uniq_harold, uniq_pikel
D:9:      layout_loops_ring, serial_bayou_pond_e
D:10:     layout_cave_pods, mainiacjoe_overflow_tiny_flanked,
          amcnicky_altar_gilded, nicolae_overflow_hidden_temple,
          erik_lair_island, orc_0_dummy, uniq_maggie
D:11:     layout_gridville
D:12:     layout_loops_corners, ebering_dispersal_statue_hall, kennysheep_dice
D:13:     minmay_slanted_spiral_squares, layout_basic,
          grunt_vaults_entry_fortified, gammafunk_ghost_nasty_kobolds,
          kennysheep_generic_room_8
Temple:   corrupted_temple
Orc:1:    layout_caves, lemuel_statue_altar
Orc:2:    grunt_orc_community_town_hall, layout_diamond_mine,
          grunt_orc_community_big_house_1, grunt_orc_community_big_house_1,
          grunt_orc_community_house_3, grunt_orc_community_house_3,
          grunt_orc_community_house_2, grunt_orc_community_house_1,
          grunt_orc_community_house_3, grunt_orc_community_house_2,
          statue_in_the_mist_lemuel

Skill      XL: |  1  2  3  4  5  6  7  8  9 10 11 12 13 |
---------------+----------------------------------------+-----
Fighting       | 4 5 6 7 8 10 11 | 11.0
Armour         | 1 2 3 4 5 7 9 11 13 14 | 14.4
Axes           | 5 6 7 8 10 12 14 16 18 | 18.4
Dodging        | 1 2 3 |  3.4
Invocations    | 5 6 |  6.7
Spellcasting   | |  1.0
Fire Magic     | |  3.3

Action                   |  1- 3 |  4- 6 |  7- 9 | 10-12 | 13-15 || total
-------------------------+-------+-------+-------+-------+-------++-------
Melee: Hand axe          |    97 |   214 |   485 |   323 |       ||  1119
       War axe           |       |       |       |   791 |   249 ||  1040
Invok: Foxfire Swarm     |     1 |     1 |     1 |       |       ||     3
       Fiery Armour      |       |     1 |     6 |     1 |       ||     8
       Rising Flame      |       |       |     1 |       |       ||     1
       Minor Destruction |       |       |       |     9 |       ||     9
       Lesser Servant of |       |       |       |     1 |     1 ||     2
  Use: Scroll            |       |       |    11 |    19 |     2 ||    32
       Potion            |       |       |     2 |     6 |     3 ||    11
Armor: Storm dragon scal |    82 |   124 |   280 |   779 |   182 ||  1447
Dodge: Dodged            |    46 |    61 |   141 |   461 |   106 ||   815

Table legend: (Time is in decaauts)
 A = Elapsed time spent in this place.
 B = Non-inter-level travel time spent in this place.
 C = Inter-level travel time spent in this place.
 D = Time resting spent in this place.
 E = Time spent auto-exploring this place.
 F = Levels seen in this place.
 G = Mean time per level.
                   A        B        C        D        E       F      G
               +--------+--------+--------+--------+--------+-----+--------+
         Total |  18010 |  16021 |   1989 |      0 |  12727 |  18 | 1000.6 |
       Dungeon |  15433 |  13524 |   1909 |      0 |  11002 |  13 | 1187.2 |
        Temple |     34 |      2 |     32 |      0 |      0 |   1 |   34.0 |
  Orcish Mines |    955 |    907 |     48 |      0 |    711 |   2 |  477.5 |
         Sewer |    665 |    665 |      0 |      0 |    448 |   1 |  665.0 |
       Ossuary |    922 |    922 |      0 |      0 |    565 |   1 |  922.0 |
               +--------+--------+--------+--------+--------+-----+--------+

Top non-repeatable levels by time:
     D:4: 1622 daAuts
    D:11: 1507 daAuts
    D:12: 1502 daAuts
     D:7: 1374 daAuts
     D:9: 1354 daAuts
     D:8: 1279 daAuts
    D:10: 1258 daAuts
     D:6: 1074 daAuts
     D:5: 939 daAuts
 Ossuary: 922 daAuts
     D:2: 910 daAuts
    D:13: 906 daAuts
     D:3: 857 daAuts
     D:1: 844 daAuts
   Orc:2: 756 daAuts
